 Dungeon Crawl Stone Soup version 0.28-a0-687-gb91baff9cc (webtiles) character file.

Game seed: 6804078395886767717

130 mordus the Shield-Bearer (level 5, -2/41 HPs)
             Began as a Formicid Fighter on Oct 19, 2021.
             Killed from afar by Dowan (8 damage)
             ... with a puff of flame
             ... on level 4 of the Dungeon.
             The game lasted 00:04:01 (2439 turns).

mordus the Shield-Bearer (Formicid Fighter)         Turns: 2439, Time: 00:04:02

Health: -2/41      AC: 11    Str: 21    XL:     5   Next: 36%
Magic:  5/5        EV:  7    Int:  8    God:
Gold:   158        SH:  4    Dex: 10    Spells: 4/4 levels left

rFire   . . .      SeeInvis +   a - +0 flail
rCold   . . .      Faith    .   c - +0 buckler
rNeg    . . .      Spirit   .   m - +0 chain mail
rPois   .          Reflect  .   (helmet unavailable)
rElec   .          Harm     .   j - +0 cloak
rCorr   .          Rampage  .   (no gloves)
Will    .....                   h - +0 pair of boots
Stlth   ..........              (no amulet)
HPRegen 0.13/turn               (no ring)
MPRegen 0.09/turn               (no ring)

@: no status effects
A: permanent stasis, dig shafts and tunnels, antennae 3, four strong arms
a: Dig, Shaft Self


You were on level 4 of the Dungeon.
You visited 1 branch of the dungeon, and saw 4 of its levels.

You collected 158 gold pieces.

Inventory:

Hand Weapons
 a - a +0 flail (weapon)
Armour
 c - a +0 buckler (worn)
 h - a +0 pair of boots (worn)
 j - a +0 cloak (worn)
 m - a +0 chain mail (worn)
Scrolls
 e - a scroll of teleportation {unknown}
 f - 3 scrolls of enchant weapon {unknown}
 i - 2 scrolls of identify {unknown}
 k - a scroll of noise {unknown}
 l - a scroll of vulnerability {unknown}
 n - a scroll of enchant armour {unknown}
Potions
 d - a potion of might
 g - a potion of haste {unknown}


   Skills:
 - Level 3.2 Fighting
 * Level 3.9 Maces & Flails
 + Level 4.2 Armour
 + Level 4.6 Shields


You had 4 spell levels left.
You didn't know any spells.
Your spell library was empty.

Dungeon Overview and Level Annotations

Branches:
Dungeon (3/15)

Altars:
Yredelemnul

Annotations:
D:4 Dowan, Duvessa


Innate Abilities, Weirdness & Mutations

You cannot be hasted, slowed, berserked, paralysed or teleported.
You can dig through walls and to a lower floor.
You have a pair of large antennae on your head. (SInv)
Your four strong arms can wield two-handed weapons with a shield.


Message History

You hit the iguana.
You kill the iguana!
You have reached level 5!
You sock the hound skeleton!
You destroy the hound skeleton!
You hit Duvessa but do no damage. Duvessa hits you but does no damage.
You hit Duvessa but do no damage. Duvessa completely misses you.
You hit Duvessa.
Duvessa is lightly wounded.
Duvessa hits you with a +0 rapier! Duvessa completely misses you.
You closely miss Duvessa.
Duvessa is lightly wounded.
You block Duvessa's attack.
You hit Duvessa.
Duvessa is moderately wounded.
Duvessa hits you with a +0 rapier.
You hit Duvessa.
Duvessa is moderately wounded.
Duvessa closely misses you.
You closely miss Duvessa.
Duvessa is moderately wounded.
Duvessa gestures with her weapon.
Duvessa hits you with a +0 rapier.
* * * LOW HITPOINT WARNING * * *
You hit Duvessa but do no damage.
Duvessa is moderately wounded.
Duvessa hits you with a +0 rapier.
* * * LOW HITPOINT WARNING * * *
You block Dowan's attack. Duvessa hits you but does no damage.
Dowan hits you with a +0 dagger.
* * * LOW HITPOINT WARNING * * *
Duvessa says, "Where magic fails, the sword succeeds!"
Dowan points at Duvessa and mumbles some strange words.
Duvessa seems to speed up.
Dowan gestures wildly while chanting.
Dowan blinks!
Duvessa hits you with a +0 rapier.
* * * LOW HITPOINT WARNING * * *
Dowan points at you and mumbles some strange words.
The puff of flame hits you!
You die...

### ..# #.# #e# #@#
#.# #e#
...).....#..
##.####.........#..
#.....+ ........=..
#.....# ..........
#.....# ##.ee......
#.....#.##.........
#.......##.........


You could see Duvessa (fast) and Dowan.

Vanquished Creatures
  An iguana (D:4)
  A hound skeleton (D:4)
  4 adders (D:2)
  A worm (D:2)
  2 dart slugs
  4 bats (D:1)
  An endoplasm (D:1)
  A giant cockroach (D:1)
  9 hobgoblins
  2 jackals (D:2)
  5 quokkas
  2 ball pythons
  3 frilled lizards (D:1)
  3 goblins
  5 kobolds
  5 rats
49 creatures vanquished.

Notes
Turn   | Place    | Note
-------+----------+-------------------------------------------
     0 | D:1      | mordus the Formicid Fighter began the quest for the Orb.
     0 | D:1      | Reached XP level 1. HP: 18/18 MP: 1/1
     3 | D:1      | Noticed an electric eel
     4 | D:1      | Noticed an electric eel
    64 | D:1      | Reached XP level 2. HP: 20/24 MP: 2/2
   437 | D:1      | Reached XP level 3. HP: 22/29 MP: 3/3
   667 | D:1      | Found a faded altar of an unknown god.
  1237 | D:2      | Found a basalt altar of Yredelemnul.
  1302 | D:2      | Reached XP level 4. HP: 35/35 MP: 4/4
  2399 | D:3      | You fall into a shaft and drop 1 floor!
  2399 | D:4      | Noticed Duvessa
  2399 | D:4      | Noticed Dowan
  2422 | D:4      | Reached XP level 5. HP: 28/41 MP: 5/5
  2439 | D:4      | Killed from afar by Dowan

Illustrated notes

Levels and vault maps discovered:
D:1:      arrival_aquarium_b, layout_rooms,
          shapermc_ecumenical_altar_starsandcircs
D:2:      layout_basic, basic_altar
D:3:      minmay_diamond_boxcup, layout_basic, nicolae_uskayaw_dance_hall,
          gammafunk_temple_overflow_statue, grunt_ministairs_2,
          minmay_diced_spiral
D:4:      minmay_opposing_rooms, layout_basic,
          grunt_temple_overflow_order_and_chaos_2, minmay_temple_entry_poolview,
          grunt_decor_clamped, st_stairs_5, uniq_duvessa

Skill      XL: |  1  2  3  4 |
---------------+-------------+-----
Shields        | 4 |  4.6
Maces & Flails | 3 |  3.9
Armour         | 4 |  4.2
Fighting       | |  3.2

Action                   |  1- 3 |  4- 6 || total
-------------------------+-------+-------++-------
Melee: Flail             |   120 |    75 ||   195
 Abil: Dig               |       |     3 ||     3
Armor: Scale mail        |    65 |    18 ||    83
       Chain mail        |       |     9 ||     9
Dodge: Dodged            |    77 |    28 ||   105
Block: Buckler           |    27 |    14 ||    41

Table legend: (Time is in decaauts)
 A = Elapsed time spent in this place.
 B = Non-inter-level travel time spent in this place.
 C = Inter-level travel time spent in this place.
 D = Time resting spent in this place.
 E = Time spent auto-exploring this place.
 F = Levels seen in this place.
 G = Mean time per level.
                   A        B        C        D        E       F      G
               +--------+--------+--------+--------+--------+-----+--------+
         Total |   2488 |   2393 |     95 |    551 |   1277 |   4 |  622.0 |
       Dungeon |   2488 |   2393 |     95 |    551 |   1277 |   4 |  622.0 |
               +--------+--------+--------+--------+--------+-----+--------+

Top non-repeatable levels by time:
     D:2: 1482 daAuts
     D:1: 899 daAuts
     D:3: 63 daAuts
     D:4: 44 daAuts
